 Dungeon Crawl Stone Soup version 0.24.0-1-gfbc8707122 (webtiles) character file.

Game seed: 17184816764939675851, levelgen mode: deterministic

121688 mopl the Executioner (level 16, 0/139 HPs)
             Began as a Minotaur Berserker on Oct 27, 2019.
             Was a High Priest of Trog.
             Killed by the raging water
             ... invoked by a water nymph
              (15 damage)
             ... on level 2 of the Shoals.
             The game lasted 00:45:50 (29106 turns).

mopl the Executioner (Minotaur Berserker)          Turns: 29106, Time: 00:45:51

Health: 0/139      AC: 25    Str: 21    XL:     16   Next: 32%
Magic:  21/21      EV: 14    Int:  2    God:    Trog [*****.]
Gold:   2130       SH:  0    Dex: 16    Spells: 15/15 levels left

rFire    . . .     SeeInvis .   a - +6 executioner's axe (flame)
rCold    . . .     Gourm    .   (shield currently unavailable)
rNeg     . . .     Faith    .   v - +4 chain mail {MR+}
rPois    .         Spirit   .   d - +2 hat
rElec    .         Reflect  .   r - +1 cloak
rCorr    .         Harm     +   K - +2 pair of gloves
MR       ++++.                  h - +0 pair of boots {Fly}
Stlth    ..........             y - amulet of harm
HPRegen  1.33/turn              M - ring of stealth (curse)
MPRegen  0.17/turn              x - ring of attention (curse)

@: barbed spikes, flying, regenerating
A: retaliatory headbutt, horns 2, dopey 1, weak 1, subdued magic 1
a: Berserk, Trog's Hand, Brothers in Arms, Renounce Religion, Stop Flying


You were on level 2 of the Shoals.
You worshipped Trog.
Trog was extremely pleased with you.
You were not hungry.

You visited 4 branches of the dungeon, and saw 25 of its levels.
You visited 1 bazaar.
You also visited: Volcano.

You collected 2985 gold pieces.
You spent 855 gold pieces at shops.

Inventory:

Hand Weapons
 a - a +6 executioner's axe of flaming (weapon)
 b - a +1 battleaxe of holy wrath
 N - a +2 antimagic battleaxe
Missiles
 e - 4 boomerangs of dispersal
 l - a throwing net
 q - 73 poisoned darts
 t - 26 javelins
 A - 7 atropa-tipped darts
 D - 9 curare-tipped darts
 E - 30 boomerangs (quivered)
Armour
 d - a +2 hat (worn)
 h - a +0 pair of boots of flying (worn)
 r - a +1 cloak (worn)
 v - a +4 chain mail of magic resistance (worn)
 K - a +2 pair of gloves (worn)
 P - +0 acid dragon scales
 X - a +3 plate armour of fire resistance
Jewellery
 x - a cursed ring of attention (right hand)
 y - an amulet of harm (around neck)
 I - a +5 amulet of reflection {unknown}
 M - a cursed ring of stealth (left hand)
Wands
 g - a wand of enslavement (11)
 w - a wand of acid (9)
 z - a wand of scattershot (17)
 H - a wand of flame (67)
 L - a wand of polymorph (13)
 S - a wand of disintegration (26)
 T - a wand of iceblast (13)
Scrolls
 B - a scroll of random uselessness {unknown}
 O - a scroll of amnesia {unknown}
 U - a scroll of immolation {unknown}
Potions
 f - 8 potions of haste
 i - a potion of magic {unknown}
 j - 7 potions of heal wounds {unknown}
 k - a potion of ambrosia {unknown}
 m - a potion of cancellation
 n - 3 potions of degeneration {unknown}
 o - 8 potions of lignification {unknown}
 p - 13 potions of curing {unknown}
 s - 5 potions of flight {unknown}
 u - 9 potions of resistance
 C - 3 potions of mutation
 F - 2 potions of brilliance {unknown}
 J - 2 potions of invisibility {unknown}
 Q - 4 potions of agility {unknown}
 R - 4 potions of might {unknown}
Miscellaneous
 G - a lightning rod (4/4)
Comestibles
 c - 43 rations
 V - 2 chunks of flesh


   Skills:
 + Level 11.7 Fighting
 * Level 23.3 Axes
 + Level 9.4 Throwing
 + Level 11.3 Armour
 + Level 10.4 Dodging
 + Level 8.4 Evocations


You had 15 spell levels left.
You didn't know any spells.
Your spell library was empty.

Dungeon Overview and Level Annotations

Branches:
Dungeon (15/15)            Temple (0/1) D:6            Lair (6/6) D:11
 Shoals (2/4) Lair:2        Snake (0/4) Lair:2        Slime (0/5) Lair:6
    Orc (2/2) D:12            Elf (0/3) Orc:2        Vaults (0/5) D:14
 Depths (0/5) D:15        Volcano (visited)

Altars:
Fedhas
Ru
The Shining One

Shops:
D:10 *   Orc:1 [[[   Orc:2 :*[(

Portals:
Trove: D:14 (give 15 scrolls of teleportation)

Annotations:
D:12 exclusion: ice statue
D:13 3 runed translucent doors, Wemm's ghost, journeyman SpEn


Innate Abilities, Weirdness & Mutations

You reflexively headbutt those who attack you in melee.
You have a pair of horns on your head.
You are dopey. (Int -2)
You are weak. (Str -2)
Your spells are a little easier to cast, but a little less powerful.


Message History

You feel somewhat more hungry.
The water nymph points at you and mumbles some strange words.
The water rises up and strikes you!!
Throwing (i - inventory. (/) - cycle)
E - 30 boomerangs (quivered)
Press: ? - help, Shift-Dir - straight line, f/p - manticore
Aim: a manticore (water, moderately wounded)
You throw a boomerang.
The boomerang barely misses the manticore.
The water nymph gestures at you while chanting.
The water rises up and strikes you!!
* * * LOW HITPOINT WARNING * * *
The water nymph's watery aura covers the stone staircase leading up.
You hit the manticore. You burn the manticore.
The manticore is moderately wounded.
The manticore completely misses you.
The manticore claws you but does no damage.
The manticore closely misses you.
The water nymph gestures at you while chanting.
The water rises up and strikes you!
You die...

≈..≈≈≈≈≈≈≈≈≈≈≈≈≈≈≈≈....
≈≈..≈≈≈≈≈≈≈≈≈≈≈≈≈≈≈≈...#
≈≈≈≈≈≈≈≈≈≈≈≈≈≈≈≈.......#
≈≈≈≈≈≈≈≈≈≈≈≈≈≈≈≈........
≈≈≈≈≈≈≈≈≈≈≈≈≈≈≈≈......##
≈≈≈≈≈≈≈≈≈≈≈≈≈≈≈≈.....###
..≈≈≈≈≈≈≈≈≈≈≈≈≈≈...### #
.≈≈≈≈≈≈≈≈≈≈≈≈≈≈≈..##
≈≈≈≈≈≈≈@≈≈≈≈≈≈≈..##
##m≈≈≈H≈≈≈≈≈≈≈≈≈..# #
≈≈≈≈≈≈≈≈≈≈≈≈≈≈≈≈..######
≈≈≈≈≈≈≈≈≈≈≈≈≈≈≈≈........
≈≈≈≈≈≈≈≈≈≈≈≈≈≈≈≈≈÷≈.....
≈≈≈≈≈≈≈≈≈≈≈≈≈≈≈≈≈≈≈≈≈..≈
≈≈≈≈≈≈≈≈≈≈≈≈≈≈≈≈≈≈≈≈≈≈≈≈
≈≈≈≈≈≈≈≈≈≈≈≈≈≈≈≈≈≈≈≈≈≈≈≈
≈≈≈≈≈≈≈≈≈≈≈≈≈≈≈


You could see a manticore and a water nymph.

Vanquished Creatures
  Frances (Shoals:1)
  An orc warlord (Orc:2)
  2 very ugly things (D:13)
  Azrael (D:12)
  An ettin (Orc:2)
  2 fire dragons
  A yaktaur captain (D:15)
  10 hydras
  3 merfolk aquamancers
  3 centaur warriors
  A merfolk avatar (Shoals:2)
  2 ogre magi
  5 death yaks (Lair:5)
  6 two-headed ogres
  2 hell hogs (Volcano)
  4 orc high priests (Orc:2)
  3 tengu warriors
  Urug (D:12)
  A deep elf knight (D:15)
  A fire crab (D:13)
  3 sea snakes
  A glowing orange brain (D:13)
  2 unseen horrors
  An obsidian statue (Shoals:1)
  A lindwurm (Lair:6)
  2 deep elf magi
  7 harpies (Shoals:1)
  5 orc knights
  17 ugly things
  2 manticores
  6 fauns (Shoals:2)
  3 orc sorcerers (Orc:2)
  11 cyclopes
  3 salamanders (Volcano)
  Joseph (D:7)
  5 elephants (Lair:6)
  7 merfolk sirens
  2 centaur zombies
  2 black mambas
  3 molten gargoyles (Lair:6)
  2 gargoyles
  3 water nymphs (Shoals:1)
  A rime drake (Lair:3)
  7 spiny frogs
  A yaktaur (D:15)
  2 kobold demonologists
  8 komodo dragons
  11 merfolk
  9 polar bears
  6 trolls
  2 wind drakes (Shoals:1)
  A hornet (D:11)
  11 slime creatures (D:12)
  A raiju (shapeshifter) (D:15)
  19 blink frogs
  9 hippogriffs
  5 snapping turtles
  10 dream sheep
  A vampire (D:15)
  9 water elementals
  5 wraiths
  3 shadows
  23 yaks
  4 wyverns
  A human (D:9)
  4 fire elementals
  4 fire bats
  6 basilisks
  3 steam dragons
  Menkaure (D:7)
  8 vampire mosquitoes
  6 wargs
  6 hell hounds
  An acid dragon (D:11)
  A swamp drake (D:11)
  16 water moccasins
  2 porcupines
  2 sky beasts
  31 orc warriors
  2 eyes of draining
  A black bear (D:12)
  2 ice beasts
  8 necrophages
  13 wolves
  13 ogres
  16 crocodiles
  7 centaurs
  3 big kobolds
  15 bullfrogs
  A gnoll sergeant (D:9)
  4 scorpions
  14 wights
  5 killer bees (D:9)
  2 howler monkeys
  4 crimson imps
  2 bullfrog zombies
  A hound (D:12)
  5 lava snakes (Lair:6)
  3 bullfrog skeletons
  7 centaur skeletons
  3 jellies
  30 orc wizards
  21 orc priests
  Crazy Yiuf (D:7)
  4 iguanas
  4 hell rats (Lair:5)
  12 worker ants
  A killer bee zombie (D:6)
  2 hound zombies
  12 gnolls
  15 adders
  6 shadow imps
  4 oozes
  An adder zombie (D:8)
  2 worms
  A dart slug (D:1)
  8 leopard geckos
  74 orcs
  A ball python (D:3)
  2 giant cockroaches (D:2)
  5 goblins
  6 hobgoblins
  9 jackals
  3 quokkas
  7 bats
  6 frilled lizards
  A jackal skeleton (D:3)
  3 jackal zombies
  23 kobolds
  A leopard gecko skeleton (D:5)
  A leopard gecko zombie (D:6)
  4 rats
  5 fungi
  21 plants
807 creatures vanquished.

Vanquished Creatures (collateral kills)
  Nikola (Shoals:1)
  Rupert (D:12)
  A faun (Shoals:1)
  A manticore (Shoals:1)
  A snapping turtle (Shoals:1)
  A plant (Shoals:1)
6 creatures vanquished.

Vanquished Creatures (others)
  A two-headed ogre (Volcano)
  A centaur (Volcano)
  2 bushes (Lair:4)
  7 fungi
  8 plants
19 creatures vanquished.

Grand Total: 832 creatures vanquished

Notes
Turn   | Place    | Note
-------+----------+-------------------------------------------
     0 | D:1      | mopl the Minotaur Berserker began the quest for the Orb.
     0 | D:1      | Reached XP level 1. HP: 19/19 MP: 0/0
   165 | D:1      | Reached skill level 4 in Axes
   459 | D:1      | Reached XP level 2. HP: 26/26 MP: 1/1
   941 | D:2      | Found a blossoming altar of Fedhas.
   964 | D:2      | Reached skill level 5 in Axes
  1201 | D:2      | Reached XP level 3. HP: 31/31 MP: 2/2
  1240 | D:2      | Reached ** piety under Trog
  1274 | D:2      | Reached skill level 6 in Axes
  1274 | D:2      | Reached XP level 4. HP: 27/39 MP: 3/3
  1845 | D:3      | Reached XP level 5. HP: 27/45 MP: 4/4
  1903 | D:3      | Reached skill level 7 in Axes
  2320 | D:4      | Noticed an ogre
  2323 | D:4      | Killed an ogre
  2323 | D:4      | Reached skill level 8 in Axes
  2375 | D:4      | Reached XP level 6. HP: 37/51 MP: 5/5
  2459 | D:4      | Reached *** piety under Trog
  2840 | D:4      | Reached skill level 9 in Axes
  2889 | D:5      | Entered Level 5 of the Dungeon
  3238 | D:5      | Reached XP level 7. HP: 57/57 MP: 6/6
  3503 | D:6      | Reached skill level 10 in Axes
  3717 | D:6      | Reached **** piety under Trog
  3782 | D:6      | Found a staircase to the Ecumenical Temple.
  3927 | D:6      | Found a sacrificial altar of Ru.
  4090 | D:7      | Reached skill level 11 in Axes
  4185 | D:7      | Reached XP level 8. HP: 51/64 MP: 7/7
  4245 | D:7      | Found a runed translucent door.
  4246 | D:7      | Noticed Crazy Yiuf
  4268 | D:7      | You fall into a shaft and drop 2 floors!
  4385 | D:9      | Reached skill level 12 in Axes
  4644 | D:7      | Killed Crazy Yiuf
  4686 | D:7      | Noticed Menkaure
  4692 | D:7      | Killed Menkaure
  4746 | D:7      | Noticed a hippogriff
  4754 | D:7      | Killed a hippogriff
  4754 | D:7      | Reached skill level 13 in Axes
  4862 | D:7      | Noticed Joseph
  4873 | D:7      | Killed Joseph
  4873 | D:7      | Reached skill level 14 in Axes
  4873 | D:7      | Reached XP level 9. HP: 70/70 MP: 8/8
  5659 | D:9      | Noticed a troll
  5667 | D:9      | Killed a troll
  6217 | D:9      | Reached ***** piety under Trog
  6217 | D:9      | Reached skill level 15 in Axes
  6991 | D:9      | Killed an unseen horror
  6991 | D:9      | Reached skill level 16 in Axes
  6991 | D:9      | Reached XP level 10. HP: 32/77 MP: 9/9
  7430 | D:10     | Entered Level 10 of the Dungeon
  7551 | D:10     | Reached skill level 17 in Axes
  7721 | D:10     | Noticed a two-headed ogre
  7725 | D:10     | Killed a two-headed ogre
  8016 | D:10     | Found Pefiuff's Assorted Antiques.
  8023 | D:10     | Bought a pair of embroidered gloves for 150 gold pieces
  8023 | D:10     | Bought a scroll labeled XYUBY ECRA for 20 gold pieces
  8023 | D:10     | Bought a scroll labeled VUUSU DEGH for 20 gold pieces
  8023 | D:10     | Bought a scroll labeled YNUEKUTYUM for 20 gold pieces
  8104 | D:11     | Noticed a cyclops
  8125 | D:11     | Killed a cyclops
  8125 | D:11     | Reached skill level 18 in Axes
  8357 | D:11     | Noticed a cyclops
  8374 | D:11     | Killed a cyclops
  8775 | D:11     | Received a gift from Trog
  8775 | D:11     | Reached XP level 11. HP: 82/82 MP: 10/10
  8921 | D:11     | Noticed a five-headed hydra
  8941 | D:11     | Killed a 13-headed hydra
  8941 | D:11     | Reached skill level 19 in Axes
  9585 | D:11     | Found a staircase to the Lair.
 10004 | Lair:1   | Entered Level 1 of the Lair of Beasts
 10025 | Lair:1   | Reached skill level 20 in Axes
 10130 | Lair:1   | Noticed a five-headed hydra
 10144 | Lair:1   | Killed a 13-headed hydra
 10339 | Lair:1   | Reached skill level 1 in Throwing
 10339 | Lair:1   | Reached skill level 1 in Evocations
 10776 | Lair:2   | Found a staircase to the Snake Pit.
 11020 | Lair:2   | Found a staircase to the Shoals.
 11022 | Lair:2   | Noticed a five-headed hydra
 11029 | Lair:2   | Killed an eight-headed hydra
 11136 | Lair:2   | Reached XP level 12. HP: 77/93 MP: 12/12
 11364 | Lair:2   | Reached skill level 5 in Fighting
 11989 | D:12     | Noticed Azrael
 12331 | D:12     | Killed Azrael
 12520 | D:12     | Reached skill level 5 in Armour
 12522 | D:12     | Received a gift from Trog
 12820 | D:12     | You fall into a shaft and drop 1 floor!
 12820 | D:13     | Noticed an eight-headed hydra
 12821 | D:13     | Killed a seven-headed hydra
 12821 | D:13     | Reached skill level 5 in Dodging
 12843 | D:13     | Noticed Nessos
 12844 | D:13     | Noticed Nessos
 12844 | D:13     | Nessos changed into Nessos the fire crab
 12860 | D:13     | Killed Nessos the fire crab
 13273 | D:12     | Noticed Urug
 13285 | D:12     | Killed Urug
 13425 | D:12     | Noticed a two-headed ogre
 13431 | D:12     | Killed a two-headed ogre
 13447 | D:12     | Noticed Rupert
 13452 | D:12     | Killed Rupert
 13613 | D:12     | Reached XP level 13. HP: 105/105 MP: 15/15
 13751 | D:12     | Found a staircase to the Orcish Mines.
 14280 | D:12     | Reached skill level 5 in Throwing
 14309 | Orc:1    | Entered Level 1 of the Orcish Mines
 14468 | Orc:1    | Reached skill level 21 in Axes
 14675 | Orc:1    | Found Niv Bumouw's Antique Armour Boutique.
 14687 | Orc:1    | Found Bafuj's Armour Emporium.
 14846 | Orc:2    | Entered Level 2 of the Orcish Mines
 14889 | Orc:2    | Found a flickering gateway to a bazaar.
 14914 | Bazaar   | Entered a bazaar
 14942 | Bazaar   | Found Kytypsu's Antique Armour Shoppe.
 14957 | Bazaar   | Found Hephatzy's Food Shoppe.
 14957 | Bazaar   | Found Okueh's Magic Scroll Emporium.
 14968 | Bazaar   | Bought a scroll of identify for 20 gold pieces
 14968 | Bazaar   | Bought a scroll of blinking for 75 gold pieces
 14968 | Bazaar   | Bought a scroll of magic mapping for 35 gold pieces
 14968 | Bazaar   | Bought a scroll of teleportation for 30 gold pieces
 14968 | Bazaar   | Bought a scroll of fog for 20 gold pieces
 14968 | Bazaar   | Bought a scroll of silence for 75 gold pieces
 14968 | Bazaar   | Bought a scroll of enchant weapon for 75 gold pieces
 14968 | Bazaar   | Bought a scroll of enchant armour for 75 gold pieces
 14968 | Bazaar   | Bought a scroll of remove curse for 30 gold pieces
 14968 | Bazaar   | Bought a scroll of identify for 20 gold pieces
 14968 | Bazaar   | Bought a scroll of teleportation for 30 gold pieces
 14968 | Bazaar   | Bought a scroll of identify for 20 gold pieces
 15226 | Orc:2    | Found a dark tunnel.
 15237 | Volcano  | Entered a volcano
 16008 | Orc:2    | Received a gift from Trog
 16182 | Orc:2    | Reached skill level 5 in Evocations
 17273 | Orc:1    | Found Momer's Armour Shoppe.
 17343 | Orc:2    | Noticed an ettin
 17350 | Orc:2    | Killed an ettin
 17639 | Orc:2    | Noticed an orc warlord
 17827 | Orc:2    | Killed an orc warlord
 18171 | Orc:2    | Found a staircase to the Elven Halls.
 18427 | Orc:2    | Found Naydghemn's General Store.
 18427 | Orc:2    | Found Vuhuew's Book Shoppe.
 18429 | Orc:2    | Found Hulev's Antique Armour Emporium.
 18429 | Orc:2    | Found Husiuf's Antique Weapon Emporium.
 18444 | Orc:2    | Bought a potion of haste for 140 gold pieces
 18760 | Lair:3   | Received a gift from Trog
 18763 | Lair:3   | Reached XP level 14. HP: 89/116 MP: 17/17
 19907 | Lair:4   | Reached ****** piety under Trog
 19925 | Lair:4   | Received a gift from Trog
 20037 | Lair:4   | Got a pair of smoking boots
 21249 | Lair:6   | Entered Level 6 of the Lair of Beasts
 21265 | Lair:6   | Reached skill level 22 in Axes
 21461 | Lair:6   | Received a gift from Trog
 21467 | Lair:6   | Got a pitted battleaxe {god gift}
 21470 | Lair:6   | Identified the +6 battleaxe of Feckueh {distort, MR+} (Trog
                  | gifted it to you on level 6 of the Lair of Beasts)
 21679 | Lair:6   | Gained mutation: You are weak. (Str -2) [mutagenic glow]
 21722 | Lair:6   | Gained mutation: Your spells are a little easier to cast,
                  | but a little less powerful. [mutagenic glow]
 21743 | Lair:6   | Gained mutation: You are dopey. (Int -2) [mutagenic glow]
 22104 | Lair:6   | Found a large runed translucent door.
 22130 | Lair:6   | Reached skill level 10 in Fighting
 22548 | Lair:6   | Found a large runed translucent door.
 22875 | Lair:6   | Found a staircase to the Slime Pits.
 22990 | Lair:6   | Reached XP level 15. HP: 123/126 MP: 19/19
 23797 | D:13     | Found a runed translucent gate.
 23797 | D:13     | Found a runed translucent gate.
 23798 | D:13     | Found a runed translucent gate.
 23878 | D:13     | Received a gift from Trog
 23882 | D:13     | Reached skill level 10 in Armour
 23886 | D:13     | Found a runed translucent gate.
 23886 | D:13     | Found a runed translucent gate.
 23890 | D:13     | Noticed Wemm's ghost (journeyman SpEn)
 23892 | D:13     | Found a runed translucent gate.
 24056 | D:14     | Found a gate to the Vaults.
 24113 | D:14     | Received a gift from Trog
 24473 | D:14     | Found a portal to a secret trove of treasure.
 24531 | D:15     | Entered Level 15 of the Dungeon
 24650 | D:15     | Received a gift from Trog
 24873 | D:15     | Found a glowing golden altar of the Shining One.
 25174 | D:15     | Found a staircase to the Depths.
 25246 | D:15     | Received a gift from Trog
 25672 | Shoals:1 | Entered Level 1 of the Shoals
 25679 | Shoals:1 | Noticed Frances
 25695 | Shoals:1 | Killed Frances
 26045 | Shoals:1 | Reached skill level 23 in Axes
 26098 | Shoals:1 | Received a gift from Trog
 26098 | Shoals:1 | Reached skill level 10 in Dodging
 26448 | Shoals:1 | Noticed Nikola
 26481 | Shoals:1 | Killed Nikola
 26481 | Shoals:1 | Reached XP level 16. HP: 105/137 MP: 21/21
 27029 | Shoals:1 | Received a gift from Trog
 27978 | Shoals:2 | Received a gift from Trog
 29106 | Shoals:2 | Killed from afar by a water nymph

Levels and vault maps discovered:
D:1:      dpeg_arrival_windows_large_door, layout_loops_corners
D:2:      layout_basic, fedhas_altar_1, first_ration, minmay_between
D:3:      layout_rooms
D:4:      layout_loops_cross
D:5:      layout_basic, minmay_misc_feat_rugged, hangedman_decor_lopped
D:6:      layout_loops_ring, minmay_temple_entry_statues_fountains,
          nicolae_ru_path_of_blood
D:7:      layout_gridville, uniq_menkaure, uniq_crazy_yiuf_cottage, uniq_joseph
D:8:      layout_gridville
D:9:      layout_gridville, grunt_pizzeria
D:10:     layout_loops_cross, serial_shops,
          nicolae_shop_temple_entry_statues_fountains
D:11:     kennysheep_ambush_hall, layout_small_grid, erik_lair_dragon
D:12:     layout_loops_corners, minmay_orc_entry_guard_dogs,
          minmay_statue_bubble, uniq_azrael, uniq_urug, uniq_rupert
D:13:     layout_rooms, ploomutoo_gammafunk_ghost_potion_laboratory, uniq_nessos
D:14:     layout_roguey, david_vaults_2, enter_trove_6, bh_chokoban
D:15:     hangedman_depths_entry_civil_slaughter, layout_basic, tso_altar,
          drop_trap
Lair:1:   layout_cave_shapes
Lair:2:   layout_regular_city, elwin_shoals_entry_rocks,
          minmay_snake_entry_six_corridors
Lair:3:   layout_gridlike, roderic_carrion_pond, grunt_megastairs_3,
          serial_bayou_shore_a, infiniplex_staircase_pool
Lair:4:   layout_concentric_octagons, chequers_serial_rivers_micro_b
Lair:5:   layout_roguey, beast_lair_carwin_3
Lair:6:   cheibrodos_lair_end_hotspot, layout_loops_ring,
          nicolae_slime_entry_slimehenge, chequers_serial_rivers_small_b,
          cheibrodos_lair_lostbears
Shoals:1: layout_shoals, dpeg_stationary_puzzle, uniq_nikola, uniq_frances
Shoals:2: layout_shoals
Orc:1:    layout_caves, serial_shops, shop, nicolae_shop_behind_doors,
          nicolae_shop_crystal
Orc:2:    st_orc_congregation, layout_caves, nicolae_volcano_entry_batcave,
          portal_ice_cave_entry_pillars_1, serial_shops, bzr_entry_dummy

Skill      XL: |  1  2  3  4  5  6  7  8  9 10 11 12 13 14 15 16 |
---------------+-------------------------------------------------+-----
Axes           | 4 5 6 8 9 11 14 16 18 20 21 22 23 | 23.3
Fighting       | 4 7 8 10 11 | 11.7
Throwing       | 2 4 6 7 9 |  9.4
Evocations     | 2 4 5 6 8 |  8.4
Armour         | 4 6 8 9 10 11 | 11.3
Dodging        | 3 5 7 8 10 | 10.4

Action                   |  1- 3 |  4- 6 |  7- 9 | 10-12 | 13-15 | 16-18 || total
-------------------------+-------+-------+-------+-------+-------+-------++-------
Melee: Hand axe          |    75 |   156 |   277 |       |       |       ||   508
       Headbutt          |    10 |    33 |    48 |    96 |   166 |    19 ||   372
       War axe           |       |       |    48 |   184 |       |       ||   232
       Battleaxe         |       |       |       |   173 |     3 |       ||   176
       Executioner's axe |       |       |       |    60 |   785 |    84 ||   929
Throw: Boomerang         |       |       |       |     4 |    17 |    26 ||    47
Invok: Berserk           |     1 |     4 |     9 |    21 |    15 |     4 ||    54
       Trog's Hand       |       |       |       |     3 |     9 |     4 ||    16
       Brothers in Arms  |       |       |       |     1 |     3 |     1 ||     5
Evoke: Wand              |       |       |       |     2 |       |       ||     2
 Stab: Sleeping          |     1 |       |       |       |       |       ||     1
       Distracted        |       |       |       |       |     1 |       ||     1
  Eat: Chunk             |     1 |    10 |    21 |    28 |    52 |     9 ||   121
       Ration            |       |       |       |     4 |     2 |     2 ||     8
Armor: Animal skin       |    10 |       |       |       |       |       ||    10
       Plate armour      |    12 |    89 |   163 |   223 |   179 |       ||   666
       Chain mail        |       |       |       |     8 |   215 |    72 ||   295
Dodge: Dodged            |    44 |    41 |    85 |   148 |   394 |    78 ||   790
